Map: Prion Terraces

Players

Mix

  • Race: Zerg Zerg

Petraeus - Winner!

  • Race: Zerg Zerg
  • League: Master

Event: NationWars III

VOD

Have the link to the VOD?

Description

Time

  • Played on: Nov. 22, 2015, 4:18 p.m.
  • Length: 7:12
Show
View Real Time Build Order
Export as new Build Order

Mix Zerg 

Build Orders: Hatch First, Zergling Baneling 

Get SALT Encoding   

  12  0:01  Drone  
  13  0:12  Overlord  
  13  0:17  Drone  
  14  0:30  Drone x2  
  14  0:35  Drone  
  17  0:56  Hatchery, Drone  
  17  0:59  Drone  
  18  1:11  Extractor  
  18  1:14  Spawning Pool  
  18  1:15  Drone  
  17  1:19  Drone  
  18  1:29  Drone  
  19  1:39  Overlord  
  19  2:02  Queen  
  19  2:07  Queen  
  19  2:08  Zergling x6  
  26  2:11  Metabolic Boost  
  26  2:16  Zergling x2  
  26  2:22  Zergling x4  
  29  2:29  Overlord  
  29  2:34  Baneling Nest  
  28  2:39  Zergling x2  
  28  2:44  Zergling x4  
  31  2:52  Zergling x2  
  32  3:00  Zergling x2  
  32  3:05  Zergling x4  
  35  3:12  Zergling x6  
  35  3:16  Zergling x2  
  35  3:19  Baneling x3  
  35  3:20  Baneling x2  
  35  3:23  Zergling x6  
  35  3:24  Zergling x2  
  39  3:30  Overlord  
  39  3:31  Zergling x2  
  36  3:44  Zergling x10  
  37  3:50  Zergling x2  
  34  4:00  Zergling x2  
  34  4:01  Zergling x4  
  34  4:02  Zergling x2  
  36  4:06  Zergling x2  
  36  4:07  Zergling x2  
  36  4:15  Baneling x6  
  36  4:17  Zergling x2  
  37  4:19  Zergling x2  
  37  4:23  Zergling x2  
  39  4:24  Zergling x2  
  39  4:29  Zergling x2  
  39  4:31  Zergling x2  
  39  4:43  Zergling x8  
  41  4:52  Zergling x4  
  37  4:54  Zergling x2  
  37  4:56  Zergling x2  
  36  5:00  Zergling x2  
  36  5:03  Zergling x4  
  36  5:06  Zergling x2  
  38  5:08  Zergling x2  
  38  5:12  Zergling x2  
  36  5:17  Baneling x4  
  36  5:21  Zergling x2  
  36  5:27  Zergling x4  
  39  5:31  Baneling x2  
  39  5:42  Zergling x10  
  41  5:52  Zergling x2  
  41  5:53  Zergling x2  
  43  6:00  Zergling x2  
  43  6:03  Zergling x4  
  42  6:12  Zergling x2  
  40  6:19  Zergling x4  
  40  6:22  Baneling x2  
  40  6:24  Zergling x2  
  43  6:30  Zergling x4  
  38  6:33  Zergling x6  
  31  6:40  Zergling x4  
  31  6:44  Zergling x2  
  30  6:48  Zergling x2  
  31  6:54  Zergling x2  
Show
View Real Time Build Order
Export as new Build Order

Petraeus Zerg - Winner!

Build Orders: Hatch First, Zergling Baneling 

Get SALT Encoding   

  12  0:01  Drone  
  13  0:13  Overlord  
  13  0:18  Drone  
  14  0:31  Drone x2  
  16  0:35  Drone  
  17  0:52  Hatchery  
  17  0:54  Drone  
  17  0:58  Drone  
  17  1:03  Extractor  
  17  1:14  Spawning Pool  
  17  1:16  Drone  
  17  1:18  Drone  
  18  1:29  Drone  
  19  1:39  Overlord  
  19  1:51  Drone  
  20  2:01  Drone, Queen  
  21  2:04  Metabolic Boost, Queen  
  21  2:06  Zergling x2  
  26  2:12  Drone  
  27  2:18  Drone  
  27  2:22  Drone  
  29  2:25  Baneling Nest  
  29  2:28  Zergling x2  
  29  2:33  Drone  
  30  2:37  Drone  
  31  2:46  Zergling x2  
  31  2:47  Zergling x2  
  33  2:54  Overlord  
  33  2:55  Queen  
  35  2:59  Zergling x2  
  36  3:10  Zergling x2  
  36  3:12  Queen  
  37  3:13  Zergling x6  
  37  3:17  Baneling  
  37  3:18  Baneling  
  37  3:19  Zergling x2  
  41  3:20  Zergling x6  
  43  3:32  Baneling x3  
  43  3:33  Baneling  
  43  3:37  Zergling x2  
  43  3:46  Overlord  
  41  3:50  Zergling x6  
  41  3:51  Zergling x2  
  43  3:56  Zergling x4  
  42  4:02  Zergling x2  
  42  4:03  Zergling x2  
  42  4:05  Baneling x2  
  41  4:10  Baneling x2  
  41  4:13  Zergling x2  
  42  4:18  Queen  
  42  4:20  Queen  
  42  4:23  Overlord  
  46  4:29  Baneling  
  46  4:30  Baneling  
  46  4:31  Zergling x4  
  46  4:33  Drone x4  
  51  4:41  Baneling x2  
  51  4:44  Overlord  
  48  4:52  Zergling x10  
  52  4:57  Zergling x4  
  53  5:02  Baneling x2  
  53  5:12  Zergling x2  
  53  5:13  Queen  
  54  5:17  Drone x3  
  54  5:18  Drone  
  54  5:21  Baneling x2  
  58  5:23  Spine Crawler  
  55  5:38  Zergling x8  
  55  5:42  Roach Warren, Extractor  
  55  5:54  Drone x5  
  57  6:11  Zergling x10  
  61  6:13  Baneling x3  
  61  6:20  Baneling x3  
  61  6:21  Baneling  
  61  6:23  Zergling x6  
  61  6:25  Zergling x2  
  65  6:29  Zergling x6  
  66  6:32  Queen  
  66  6:38  Zergling x2  
  54  6:40  Zergling x2  
  55  6:50  Zergling x2  
Tags
 
Add a new tag
Caveats
  • Supply blocks, unpowered buildings, or Contaminate may cause inaccurate times.
  • Supply counts are checked every 10 seconds.